 Dungeon Crawl Stone Soup version 0.26-a0-64-g059e62fbdb (webtiles) character file.

Game seed: 15569196939611116941

4183 Ozzies the Fighter (level 10, -6/72 HPs)
             Began as a Gargoyle Fighter on June 11, 2020.
             Was a Believer of Okawaru.
             Mangled by an orc warrior
             ... wielding a +0 glaive
              (21 damage)
             ... on level 9 of the Dungeon.
             The game lasted 00:22:50 (8144 turns).

Ozzies the Fighter (Gargoyle Fighter)               Turns: 8144, Time: 00:22:50

Health: -6/72      AC: 19    Str: 23    XL:     10   Next: 29%
Magic:  12/12      EV:  8    Int:  9    God:    Okawaru [**....]
Gold:   450        SH: 10    Dex:  9    Spells: 9/9 levels left

rFire    + . .     SeeInvis .   e - +2 short sword (venom)
rCold    + . .     Gourm    .   c - +0 kite shield
rNeg     + . .     Faith    .   y - +3 scale mail {MR+}
rPois    ∞         Spirit   .   (no helmet)
rElec    +         Reflect  .   I - +1 cloak {Stlth+}
rCorr    .         Harm     .   (no gloves)
MR       +....                  (no boots)
Stlth    ..........             (no amulet)
HPRegen  0.22/turn              r - ring of protection from cold
MPRegen  0.13/turn              E - ring of protection from fire

@: no status effects
A: negative energy resistance 1, electricity resistance, unbreathing,
petrification resistance, rot immunity, AC +7
a: Heroism, Renounce Religion


You were on level 9 of the Dungeon.
You worshipped Okawaru.
Okawaru was pleased with you.
You were very hungry.

You visited 2 branches of the dungeon, and saw 10 of its levels.

You collected 450 gold pieces.

Inventory:

Hand Weapons
 b - a +0 whip of flaming
 e - a +2 short sword of venom (weapon)
 w - a +5 dagger of speed
 H - a +4 antimagic dagger
Missiles
 K - 22 poisoned darts (quivered)
Armour
 c - a +0 kite shield (worn)
 j - a +0 cloak
 k - a +0 plate armour
 y - a +3 scale mail of magic resistance (worn)
 D - a +0 tower shield
 I - a +1 cloak of stealth (worn)
Jewellery
 r - a ring of protection from cold (left hand)
 E - a ring of protection from fire (right hand)
Wands
 p - a wand of random effects (22)
 C - a wand of paralysis (9)
 F - a wand of polymorph (10)
Scrolls
 h - 2 scrolls of fog
 i - 4 scrolls of enchant armour
 l - 3 scrolls of blinking {unknown}
 m - 4 scrolls of remove curse {unknown}
 n - 6 scrolls of teleportation {unknown}
 o - a scroll of immolation {unknown}
 q - 3 scrolls of magic mapping {unknown}
 J - a scroll of random uselessness {unknown}
Potions
 a - 2 potions of lignification
 d - 2 potions of might
 g - a potion of cancellation
 s - 2 potions of stabbing
 t - a potion of invisibility
 u - a potion of haste
 v - a potion of degeneration {unknown}
 x - a potion of magic {unknown}
 z - 2 potions of mutation {unknown}
 A - a potion of berserk rage {unknown}
 B - a potion of curing
 G - a potion of brilliance {unknown}
Comestibles
 f - 5 rations


   Skills:
 * Level 12.3 Fighting
 + Level 6.3 Maces & Flails
 + Level 5.5 Armour
 + Level 5.5 Shields
 + Level 3.6 Evocations


You had 9 spell levels left.
You didn't know any spells.
Your spell library contained the following spells:

 Spells                   Type           Power        Failure   Level  Hunger
 Animate Skeleton         Necr           N/A          97%         1    ##.....
 Apportation              Tloc           #.....       97%         1    ##.....
 Corona                   Hex            #......      97%         1    ##.....
 Foxfire                  Conj/Fire      #...         97%         1    ##.....
 Pain                     Necr           #...         97%         1    ##.....
 Summon Small Mammal      Summ           #...         97%         1    ##.....
 Confusing Touch          Hex            #.......     100%        3    ####...
 Conjure Flame            Conj/Fire      #.......     100%        3    ####...
 Gell's Gravitas          Tloc           #.........   100%        3    ####...
 Inner Flame              Hex/Fire       #.......     100%        3    ####...
 Vampiric Draining        Necr           #.........   100%        3    ####...
 Animate Dead             Necr           N/A          100%        4    #####..
 Petrify                  Tmut/Erth      #.......     100%        4    #####..
 Sticky Flame             Conj/Fire      #.......     100%        4    #####..
 Agony                    Necr           #.......     100%        5    ######.
 Fireball                 Conj/Fire      #.........   100%        5    ######.
 Metabolic Englaciation   Hex/Ice        #.........   100%        5    ######.
 Yara's Violent Unravell  Hex/Tmut       #.........   100%        5    ######.


Dungeon Overview and Level Annotations

Branches:
Dungeon (9/15)             Temple (1/1) D:4
   Lair: D:8-11         Orc: D:9-12

Altars:
Ashenzari
Cheibriados
Fedhas
Hepliaklqana
Kikubaaqudgha
Nemelex Xobeh
Okawaru
Qazlal
Ru
Sif Muna
Trog
Vehumet
Wu Jian
Xom
Yredelemnul
Zin
The Shining One

Annotations:
D:7 3 runed translucent doors, PIKKUHERKKO's ghost, novice DsGl


Innate Abilities, Weirdness & Mutations

You are resistant to torment.
Your stone body is resilient. (AC +7)
You are immune to poison.
You resist negative energy. (rN+)
You are resistant to electric shocks. (rElec)
You can survive without breathing.
You are immune to petrification.
You are immune to rotting.


Message History

Okawaru accepts your kill.
Unknown command.
The orc throws a boomerang.
You block the boomerang.
The weapon returns to the orc!
The orc warrior hits you but does no damage.
You block the orc warrior's attack.
The orc throws a boomerang.
The boomerang hits you but does no damage.
The weapon returns to the orc!
You see here a porcupine skeleton.
You are feeling very hungry.
Things that are here:
a +0 dagger; a +0 robe; an orc corpse
Things that are here:
a porcupine skeleton; a bullfrog skeleton The porcupine twitches its whiskers.
The porcupine bites you but does no damage.
There is a stone staircase leading up here.
You block the porcupine's attack.
The orc warrior hits you from afar with a +0 glaive!!
You die...

#P.....#
#P....##
####.P.P.#
PP....P..#
........##
P...P..o#


PPPP..Po# ......÷r# ##....#@# ######## You could see an orc warrior, a porcupine
and an orc.

Vanquished Creatures
  Pikel (D:5)
  Grinder (D:4)
  A spriggan (D:7)
  Sigmund (D:4)
  A steam dragon (D:6)
  3 hungry ghosts
  Duvessa (D:4)
  2 porcupines (D:9)
  3 orc warriors
  2 sky beasts
  An ogre (D:7)
  A centaur (D:8)
  2 crocodiles
  5 bullfrogs
  Dowan (D:4)
  2 scorpions
  A howler monkey (D:6)
  2 crimson imps
  A quasit (D:7)
  A bullfrog skeleton (D:7)
  A hound (D:4)
  A jelly (D:8)
  4 orc priests
  A centaur skeleton (D:9)
  14 orc wizards
  An iguana (D:4)
  6 worker ants
  A killer bee zombie (D:7)
  3 hound zombies
  A howler monkey skeleton (D:6)
  6 adders
  A shadow imp (D:6)
  2 oozes
  A dart slug (D:1)
  4 leopard geckos
  21 orcs
  A ball python (D:5)
  7 bats
  10 giant cockroaches
  8 goblins
  7 hobgoblins
  3 jackals (D:1)
  2 quokkas (D:2)
  5 frilled lizards
  A jackal zombie (D:8)
  10 kobolds
  A quokka skeleton (D:3)
  A quokka zombie (D:6)
  4 rats (D:1)
161 creatures vanquished.

Vanquished Creatures (others)
  A two-headed ogre (D:7)
  A bullfrog (D:7)
  A scorpion (D:7)
  An orc priest (D:7)
  A worker ant (D:7)
  A shadow imp (D:7)
  2 orcs (D:6)
  A jackal (D:7)
  3 fungi (D:9)
  A plant (D:9)
13 creatures vanquished.

Grand Total: 174 creatures vanquished

Notes
Turn   | Place    | Note
-------+----------+-------------------------------------------
     0 | D:1      | Ozzies the Gargoyle Fighter began the quest for the Orb.
     0 | D:1      | Reached XP level 1. HP: 14/14 MP: 1/1
   394 | D:1      | Reached XP level 2. HP: 20/20 MP: 2/2
   395 | D:1      | Reached skill level 4 in Fighting
   871 | D:1      | Reached XP level 3. HP: 24/24 MP: 3/3
  1338 | D:2      | Reached skill level 5 in Fighting
  1794 | D:3      | Reached XP level 4. HP: 29/31 MP: 4/4
  2484 | D:3      | Reached skill level 6 in Fighting
  2484 | D:3      | Reached XP level 5. HP: 36/36 MP: 5/5
  2744 | D:4      | Noticed Sigmund
  2754 | D:4      | Killed Sigmund
  2754 | D:4      | Reached skill level 7 in Fighting
  2754 | D:4      | Reached XP level 6. HP: 44/44 MP: 6/6
  2793 | D:4      | Found a radiant altar of Vehumet.
  2885 | D:4      | Found a staircase to the Ecumenical Temple.
  2989 | D:4      | Noticed Dowan
  2990 | D:4      | Noticed Duvessa
  3013 | D:4      | Killed Duvessa
  3013 | D:4      | Reached XP level 7. HP: 31/48 MP: 7/7
  3020 | D:4      | Killed Dowan
  3442 | D:4      | Noticed Grinder
  3451 | D:4      | Paralysed by Grinder for 7 turns
  3462 | D:4      | Paralysed by Grinder for 7 turns
  3473 | D:4      | Paralysed by Grinder for 2 turns
  3475 | D:4      | Killed Grinder
  3475 | D:4      | Reached skill level 8 in Fighting
  3623 | Temple   | Entered the Ecumenical Temple
  3806 | D:5      | Entered Level 5 of the Dungeon
  3872 | D:5      | Noticed Pikel
  3894 | D:5      | Reached skill level 9 in Fighting
  3894 | D:5      | Reached XP level 8. HP: 56/56 MP: 8/8
  3906 | D:5      | Killed Pikel
  3906 | D:5      | Reached skill level 10 in Fighting
  3906 | D:5      | Reached skill level 1 in Evocations
  4338 | Temple   | Became a worshipper of Warmaster Okawaru
  4514 | D:6      | Reached skill level 5 in Armour
  4611 | D:6      | Reached XP level 9. HP: 59/62 MP: 10/10
  4707 | D:6      | Found a sacrificial altar of Ru.
  5290 | D:7      | Killed a two-headed ogre
  5677 | D:7      | Found a shimmering altar of Xom.
  5691 | D:7      | Found a shimmering altar of Xom.
  5704 | D:7      | Found a blossoming altar of Fedhas.
  5717 | D:7      | Reached * piety under Okawaru
  5717 | D:7      | Reached skill level 5 in Shields
  5825 | D:7      | Reached skill level 5 in Maces & Flails
  5830 | D:7      | Reached skill level 11 in Fighting
  6200 | D:7      | Found an ancient bone altar of Kikubaaqudgha.
  6394 | D:7      | Found a glowing silver altar of Zin.
  6427 | D:7      | Found a runed translucent gate.
  6428 | D:7      | Found a runed translucent gate.
  6429 | D:7      | Found a runed translucent gate.
  6431 | D:7      | Noticed PIKKUHERKKO's ghost (novice DsGl)
  6701 | D:8      | Found a sparkling altar of Nemelex Xobeh.
  6722 | D:8      | Reached ** piety under Okawaru
  6790 | D:8      | Reached skill level 12 in Fighting
  6794 | D:8      | Found an ornate altar of the Wu Jian Council.
  6867 | D:8      | Reached XP level 10. HP: 33/71 MP: 12/12
  7389 | D:8      | Found a bloodstained altar of Trog.
  8144 | D:9      | Mangled by an orc warrior

Illustrated notes

Levels and vault maps discovered:
D:1:      dpeg_arrival_line_fractal, layout_loops_corners
D:2:      layout_basic
D:3:      layout_basic, chequers_serial_rivers_micro_d
D:4:      layout_basic, kennysheep_mini_moat, minmay_temple_entry_waves,
          first_ration, uniq_grinder, uniq_duvessa, uniq_sigmund
D:5:      layout_basic, grunt_ministairs_13, uniq_pikel
D:6:      layout_loops_ring, nicolae_ru_awakened_eye
D:7:      layout_basic, kiku_gazebo_garden_becter, xom_confusion_cloud,
          old_standard_altar, zin_scriptorium, gammafunk_ghost_split,
          basic_altar, the_bakery
D:8:      layout_loops_ring, nemelex_xobeh_ov_fountains_minmay,
          old_standard_altar, trog_hazing_becter
D:9:      layout_basic, lightli_temple_of_fire, nicolae_dithmenos_the_darkroom,
          lemuel_round_altar, grunt_lair_entry_orc_guard_hut
Temple:   minmay_temple_curvy_loop

Skill      XL: |  1  2  3  4  5  6  7  8  9 |
---------------+----------------------------+-----
Fighting       | 4 5 6 7 9 10 12 | 12.3
Armour         | 4 5 |  5.5
Shields        | 4 5 |  5.5
Maces & Flails | 4 6 |  6.3
Evocations     | 2 3 |  3.6

Action                   |  1- 3 |  4- 6 |  7- 9 | 10-12 || total
-------------------------+-------+-------+-------+-------++-------
Melee: Flail             |    12 |       |       |       ||    12
       Short sword       |    69 |   119 |   278 |    94 ||   560
       Dagger            |       |       |   105 |    61 ||   166
  Use: Scroll            |       |     4 |     3 |     1 ||     8
       Potion            |       |       |     1 |       ||     1
  Eat: Chunk             |     2 |     4 |     8 |     1 ||    15
       Ration            |       |       |     4 |     2 ||     6
Armor: Scale mail        |    17 |       |   228 |    90 ||   335
       Plate armour      |    27 |    71 |    25 |       ||   123
Dodge: Dodged            |    17 |    14 |   116 |    57 ||   204
Block: Kite shield       |    46 |    63 |   215 |    92 ||   416

Table legend:
 A = Non-vault XP
 B = Vault XP
 C = Vault XP percentage of total XP
 D = Non-vault monster count
 E = Vault monster count
 F = Vault count percentage of total count
                 A         B        C        D         E       F
            +---------+---------+-------+---------+---------+-------
      Total |    3606 |    2371 |  39.7 |     138 |      23 |  14.3
            +---------+---------+-------+---------+---------+-------
        D:1 |      34 |       0 |   0.0 |      20 |       0 |   0.0
        D:2 |      37 |       0 |   0.0 |      14 |       0 |   0.0
        D:3 |     148 |       0 |   0.0 |      25 |       0 |   0.0
        D:4 |      94 |     711 |  88.3 |       7 |       4 |  36.4
        D:5 |     296 |     788 |  72.7 |      11 |       6 |  35.3
        D:6 |     827 |       0 |   0.0 |      15 |       0 |   0.0
        D:7 |     613 |     263 |  30.0 |      20 |       2 |   9.1
        D:8 |    1292 |      10 |   0.8 |      21 |       6 |  22.2
        D:9 |     265 |     599 |  69.3 |       5 |       5 |  50.0
            +---------+---------+-------+---------+---------+-------
